 Dungeon Crawl Stone Soup version 0.23.2-11-gf996548 (webtiles) character file.

Game seed: 4721601011232651263

2139 Daunt the Skirmisher (level 9, -3/74 HPs)
             Began as a Pale Draconian Wizard on June 6, 2019.
             Was an Initiate of Vehumet.
             Shot with an arrow by a centaur warrior (13 damage)
             ... on level 8 of the Dungeon.
             The game lasted 00:37:55 (8754 turns).

Daunt the Skirmisher (Pale Draconian Wizard)        Turns: 8754, Time: 00:37:55

Health: -3/74      AC: 13    Str:  9    XL:     9   Next: 9%
Magic:  13/30      EV: 12    Int: 22    God:    Vehumet [......]
Gold:   392        SH:  9    Dex: 10    Spells: 10/16 levels left

rFire    . . .     SeeInvis .   a - staff of power
rCold    . . .     Gourm    .   m - +0 buckler
rNeg     . . .     Faith    .   (armour unavailable)
rPois    .         Spirit   .   k - +0 hat
rElec    .         Reflect  +   (no cloak)
rCorr    .         Harm     .   G - +2 pair of gloves
MR       +....                  (no boots)
Stlth    +++.......             E - +5 amulet of reflection
HPRegen  0.22/turn              o - +3 ring of protection
MPRegen  0.22/turn              I - ring of protection from magic

@: no status effects
A: breathe steam, unfitting armour, cold-blooded, AC +7
a: Breathe Steam, Renounce Religion


You were on level 8 of the Dungeon.
You worshipped Vehumet.
Vehumet was noncommittal.
You were hungry.

You visited 2 branches of the dungeon, and saw 9 of its levels.

You collected 392 gold pieces.

Inventory:

Hand Weapons
 b - a +1 dagger of venom
 e - a +0 club
 s - a +0 spear
Missiles
 f - 151 stones (quivered)
 l - 7 tomahawks of returning
 H - 8 tomahawks
Armour
 k - a +0 hat (worn)
 m - a +0 buckler (worn)
 G - a +2 pair of gloves (worn)
Magical Staves
 a - an uncursed staff of power (weapon)
Jewellery
 o - a +3 ring of protection (left hand)
 E - a +5 amulet of reflection (around neck)
 I - a ring of protection from magic (right hand)
Wands
 y - a wand of flame (26)
 A - a wand of random effects (27)
Scrolls
 d - 4 scrolls of teleportation
 g - 2 scrolls of remove curse
 n - 2 scrolls of fog {unknown}
 t - a scroll of noise {unknown}
 u - a scroll of enchant armour {unknown}
 w - 3 scrolls of enchant weapon {unknown}
 B - 2 scrolls of magic mapping {unknown}
 D - 2 scrolls of amnesia {unknown}
Potions
 h - a potion of invisibility
 i - 5 potions of haste
 j - 2 potions of curing
 p - a potion of ambrosia
 q - a potion of agility
 r - 2 potions of brilliance
 x - a potion of heal wounds
 z - 2 potions of lignification {unknown}
 C - a potion of might {unknown}
 F - a potion of mutation {unknown}
Comestibles
 c - 14 rations
 v - 3 chunks of flesh


   Skills:
 + Level 5.5 Fighting
 - Level 3.0 Dodging
 + Level 5.5 Stealth
 - Level 4.0 Shields
 - Level 4.0 Spellcasting
 - Level 5.0 Conjurations
 - Level 3.1 Summonings
   Level 1.0 Translocations
 - Level 4.4 Fire Magic


You had 10 spell levels left.
You knew the following spells:

 Your Spells              Type           Power        Failure   Level  Hunger
a - Magic Dart            Conj           ####         1%          1    None
c - Conjure Flame         Conj/Fire      ####....     4%          3    ###....
i - Call Imp              Summ           ###.....     4%          2    #......

Your spell library contained the following spells:

 Spells                   Type           Power        Failure   Level  Hunger
 Corona                   Hex            #......      11%         1    None
 Blink                    Tloc           N/A          11%         2    #......
 Dazzling Spray           Conj/Hex       ###...       12%         3    ###....
 Ensorcelled Hibernation  Hex/Ice        #.....       17%         2    #......
 Slow                     Hex            #.......     17%         2    #......
 Mephitic Cloud           Conj/Pois/Air  ##......     17%         3    ###....
 Confuse                  Hex            #.......     32%         3    ###....
 Tukima's Dance           Hex            #.......     32%         3    ###....


Dungeon Overview and Level Annotations

Branches:
Dungeon (8/15)             Temple (1/1) D:5
   Lair: D:8-11

Altars:
Ashenzari
Cheibriados
Dithmenos
Elyvilon
Fedhas
Gozag
Hepliaklqana
Kikubaaqudgha
Makhleb
Nemelex Xobeh
Okawaru
Qazlal
Sif Muna
Trog
Uskayaw
Vehumet
Wu Jian
Xom
Yredelemnul
Zin
The Shining One


Innate Abilities, Weirdness & Mutations

You can breathe blasts of scalding, opaque steam.
Your pale cyan-grey scales are hard. (AC +7)
You cannot fit into any form of body armour.
You are cold-blooded and may be slowed by cold attacks.


Message History

The centaur warrior closely misses your shadow imp.
The centaur warrior hits your shadow imp.
Your shadow imp hits the centaur warrior but does no damage.
Unknown command.
You swap places.
The centaur warrior hits your shadow imp!
Your shadow imp dies!
There is an open door, spattered with blood here.
Unknown command.
The centaur warrior hits your crimson imp but does no damage.
The centaur warrior hits your crimson imp!
Your crimson imp hits the centaur warrior.
You see here an arrow.
The centaur warrior hits your crimson imp!
Your crimson imp dies!
The centaur warrior wields a +0 shortbow.
The centaur warrior shoots an arrow.
The arrow hits you.
* * * LOW HITPOINT WARNING * * *
The centaur warrior shoots an arrow.
The arrow hits you!
You die...

.. .# #. .# #. ..
#. o ######'#O
.......c###########
.....(..'(.@5.....#
........#########.#
........# #.#
######### #.# #.#
#.# #.# #.# #.#


You could see a centaur warrior and a friendly crimson imp.

Vanquished Creatures
  A spriggan (D:7)
  2 sky beasts
  3 ice beasts
  An orc warrior (D:7)
  3 ogres
  The ghost of Steadysplat the Chopper, an amateur FoFi (D:3)
  2 centaurs
  A bullfrog (D:8)
  2 scorpions (D:7)
  2 crimson imps
  4 hounds
  An orc priest (D:7)
  4 orc wizards
  3 bullfrog skeletons
  An iguana (D:4)
  8 worker ants
  6 adders
  A shadow imp (D:7)
  An ooze (D:1)
  An adder skeleton (D:7)
  A dart slug (D:3)
  2 leopard geckos
  17 orcs
  5 giant cockroaches
  10 goblins
  7 hobgoblins
  7 kobolds
  2 quokkas (D:7)
  A ball python (D:4)
  5 bats
  7 frilled lizards
  A quokka skeleton (D:6)
  3 rats
116 creatures vanquished.

Vanquished Creatures (collateral kills)
  A centaur zombie (D:6)
  An orc wizard (D:6)
  3 orcs (D:6)
  A quokka (D:6)
6 creatures vanquished.

Vanquished Creatures (others)
  A centaur (D:8)
1 creature vanquished.

Grand Total: 123 creatures vanquished

Notes
Turn   | Place    | Note
-------+----------+-------------------------------------------
     0 | D:1      | Daunt the Draconian Wizard began the quest for the Orb.
     0 | D:1      | Reached XP level 1. HP: 14/14 MP: 4/4
   207 | D:1      | Reached XP level 2. HP: 18/20 MP: 0/6
   468 | D:1      | Learned a level 2 spell: Call Imp
   905 | D:2      | Found a hazy altar of Hepliaklqana.
   925 | D:2      | Reached XP level 3. HP: 10/26 MP: 0/7
  2075 | D:3      | Reached XP level 4. HP: 33/33 MP: 4/8
  2084 | D:3      | Found a glowing golden altar of the Shining One.
  2093 | D:3      | Found a shadowy altar of Dithmenos.
  2170 | D:3      | Found an ornate altar of the Wu Jian Council.
  2331 | D:3      | Found a runed translucent door.
  2332 | D:3      | Noticed Steadysplat's ghost (amateur FoFi)
  2377 | D:3      | Found a faded altar of an unknown god.
  2932 | D:4      | Noticed a phantom
  3266 | D:4      | Reached skill level 1 in Fighting
  3266 | D:4      | Reached skill level 1 in Shields
  3777 | D:4      | Reached XP level 5. HP: 31/40 MP: 9/9
  3933 | D:4      | Found an iron altar of Okawaru.
  3978 | D:4      | Noticed an ogre
  4370 | D:5      | Entered Level 5 of the Dungeon
  4370 | D:5      | Found a white marble altar of Elyvilon.
  4795 | D:5      | Found a snail-covered altar of Cheibriados.
  4865 | D:5      | Reached XP level 6. HP: 50/50 MP: 10/10
  4937 | D:5      | Found a staircase to the Ecumenical Temple.
  4996 | Temple   | Entered the Ecumenical Temple
  5263 | D:5      | Found a shimmering altar of Xom.
  5511 | D:6      | Noticed an ice beast
  5540 | D:5      | Killed an ice beast
  5893 | D:6      | Your scales start taking on a pale cyan-grey colour.
  5893 | D:6      | Reached XP level 7. HP: 59/59 MP: 8/11
  5898 | D:6      | Learned a level 3 spell: Conjure Flame
  5904 | D:6      | Found a blossoming altar of Fedhas.
  5990 | D:6      | Reached skill level 1 in Fire Magic
  6669 | D:7      | Noticed a spriggan baker
  6696 | D:7      | Killed a spriggan baker
  6737 | D:7      | Found a sparkling altar of Nemelex Xobeh.
  6843 | D:7      | Reached XP level 8. HP: 66/66 MP: 12/12
  6849 | D:7      | Found a bloodstained altar of Trog.
  8142 | D:3      | Killed Steadysplat's ghost
  8262 | D:8      | Found a radiant altar of Vehumet.
  8274 | D:8      | Became a worshipper of Vehumet
  8301 | D:8      | Found a shimmering altar of Xom.
  8332 | D:8      | Reached skill level 5 in Fighting
  8332 | D:8      | Reached skill level 5 in Stealth
  8347 | D:8      | Noticed a two-headed ogre
  8559 | D:8      | Reached skill level 5 in Conjurations
  8625 | D:8      | Reached XP level 9. HP: 74/74 MP: 15/15
  8739 | D:8      | Noticed a centaur warrior
  8754 | D:8      | Shot with an arrow by a centaur warrior

Skill      XL: |  1  2  3  4  5  6  7  8 |
---------------+-------------------------+-----
Stealth        | 2 5 |  5.5
Conjurations   | 2 3 4 5 |  5.0
Summonings     | 2 3 |  3.1
Fighting       | 1 2 4 5 |  5.5
Shields        | 1 3 4 |  4.0
Fire Magic     | 4 |  4.4
Dodging        | 2 3 |  3.0
Spellcasting   | 4 |  4.0
Translocations | |  1.0

Action                   |  1- 3 |  4- 6 |  7- 9 || total
-------------------------+-------+-------+-------++-------
Melee: Club              |    25 |       |       ||    25
       Tailslap          |     1 |       |       ||     1
       Dagger            |       |    21 |     4 ||    25
       Staff             |       |     3 |     1 ||     4
       Spear             |       |       |   100 ||   100
 Cast: Magic Dart        |    93 |   216 |   280 ||   589
       Call Imp          |       |     9 |    28 ||    37
       Conjure Flame     |       |       |    14 ||    14
  Use: Scroll            |     2 |     4 |     3 ||     9
  Eat: Chunk             |     3 |     3 |     6 ||    12
       Ration            |       |     3 |     1 ||     4
Armor: Skin              |    15 |    43 |    27 ||    85
Dodge: Dodged            |    41 |    59 |    52 ||   152
Block: Buckler           |       |    15 |    45 ||    60
       Reflection        |       |       |     3 ||     3
